Map: [ESL] Solaris

Players

Serral - Winner!

  • Race: Zerg Zerg
  • Spawn Location: 1:00

Lambo

  • Race: Zerg Zerg
  • Spawn Location: 7:00

Event: HomeStory Cup XXIV

VOD

Have the link to the VOD?

Description

Time

  • Played on: Dec. 3, 2023, 8:25 a.m.
  • Length: 14:08

All games in this series

Show
View Real Time Build Order
Export as new Build Order

Serral Zerg - Winner!

Build Orders: Hatch First 

Get SALT Encoding   

  12  0:00  Drone  
  13  0:12  Overlord  
  13  0:17  Drone  
  14  0:30  Drone x2  
  16  0:48  Hatchery  
  15  0:50  Drone  
  15  0:54  Drone  
  17  1:08  Spawning Pool  
  17  1:10  Extractor  
  15  1:12  Drone  
  15  1:16  Drone  
  17  1:20  Drone  
  18  1:28  Drone  
  19  1:40  Drone  
  20  1:49  Drone  
  21  1:59  Queen x2  
  21  2:01  Overlord  
  25  2:02  Zergling x2  
  26  2:09  Metabolic Boost  
  26  2:11  Drone x2  
  28  2:22  Drone x2  
  30  2:34  Hatchery  
  30  2:36  Drone  
  30  2:38  Drone  
  30  2:43  Drone  
  32  2:44  Overlord  
  32  2:51  Queen  
  32  2:54  Drone  
  32  2:56  Drone  
  36  3:08  Zergling x12  
  36  3:09  Zergling x2  
  36  3:12  Zergling x2  
  44  3:18  Overlord  
  44  3:21  Roach Warren  
  44  3:23  Drone  
  44  3:39  Drone x8  
  52  3:46  Drone x2  
  52  3:47  Drone  
  52  3:55  Extractor  
  52  3:57  Extractor  
  52  4:00  Drone x3  
  53  4:03  Overlord  
  53  4:07  Roach x2  
  53  4:08  Overlord  
  57  4:13  Roach  
  58  4:18  Overlord x2  
  58  4:21  Drone x2  
  60  4:25  Drone  
  60  4:26  Roach x2  
  60  4:30  Roach x2  
  68  4:35  Overlord  
  68  4:36  Roach x2  
  68  4:38  Zergling x2  
  73  4:41  Zergling x4  
  73  4:44  Roach  
  76  4:46  Roach  
  76  4:47  Roach  
  76  4:52  Roach x2  
  84  4:57  Roach x2  
  88  5:00  Roach  
  90  5:07  Lair  
  90  5:09  Evolution Chamber  
  90  5:14  Drone x5  
  94  5:15  Drone  
  94  5:18  Overlord  
  95  5:21  Drone x2  
  95  5:22  Drone  
  95  5:24  Drone  
  95  5:26  Overlord  
  97  5:29  Drone  
  97  5:31  Overlord  
  98  5:36  Zerg Missile Weapons Level 1  
  98  5:39  Drone x3  
  98  5:41  Drone  
  98  5:42  Drone  
  98  5:46  Queen  
  98  5:49  Drone x3  
  103  5:52  Drone  
  103  5:55  Drone  
  103  5:56  Extractor  
  104  5:58  Extractor, Drone  
  104  5:59  Drone x4  
  108  6:06  Overseer, Evolution Chamber  
  108  6:07  Drone x2  
  108  6:11  Glial Reconstitution  
  108  6:15  Roach x3  
  114  6:19  Overlord  
  114  6:20  Roach  
  114  6:21  Roach  
  116  6:28  Overlord  
  116  6:29  Roach x2  
  116  6:31  Overlord x2  
  121  6:33  Spine Crawler  
  121  6:36  Roach  
  121  6:38  Roach x2  
  126  6:43  Evolution Chamber  
  126  6:44  Extractor  
  126  6:45  Roach x3  
  130  6:47  Overseer  
  130  6:50  Ravager x3  
  130  6:51  Ravager  
  130  6:53  Roach x4  
  142  6:57  Overlord  
  142  7:02  Overseer  
  142  7:03  Overseer  
  142  7:04  Roach x5  
  142  7:07  Drone  
  154  7:10  Overlord  
  154  7:13  Zerg Ground Armor Level 1  
  154  7:16  Pneumatized Carapace  
  154  7:19  Overseer  
  154  7:20  Overlord x4  
  154  7:23  Overlord  
  154  7:29  Overlord  
  154  7:30  Overlord  
  154  7:34  Zerg Missile Weapons Level 2  
  154  7:37  Roach x4  
  162  7:42  Roach x3  
  162  7:43  Roach  
  170  7:46  Overseer  
  170  7:48  Roach x2  
  170  7:49  Drone  
  175  7:54  Overlord  
  175  7:56  Burrow  
  175  7:59  Tunneling Claws  
  175  8:08  Roach  
  175  8:09  Roach  
  179  8:13  Hatchery, Spine Crawler  
  179  8:15  Roach x4  
  185  8:21  Roach x3  
  191  8:27  Hydralisk Den  
  191  8:31  Roach x4  
  198  8:41  Roach  
  198  8:50  Overseer  
  198  8:55  Roach x2  
  200  9:04  Grooved Spines  
  200  9:16  Overlord  
  201  9:20  Zerg Ground Armor Level 2  
  200  9:25  Roach x4  
  200  9:30  Hatchery  
  199  9:34  Roach Warren  
  199  9:36  Roach  
  198  9:42  Roach x5  
  186  9:49  Roach x13  
  182  9:54  Roach x6, Muscular Augments  
  176  10:02  Roach x3  
  181  10:07  Roach  
  181  10:08  Roach  
  181  10:13  Roach  
  173  10:19  Roach x2  
  173  10:20  Roach  
  164  10:29  Roach  
  164  10:35  Roach x2  
  166  10:36  Queen x2  
  166  10:40  Roach x2  
  162  10:43  Roach x2  
  162  10:46  Roach x38  
  156  10:54  Roach x4  
  156  10:56  Roach  
  154  11:01  Roach  
  154  11:02  Roach  
  158  11:05  Hydralisk x2  
  162  11:12  Hydralisk x2  
  162  11:16  Hydralisk x2  
  164  11:20  Spore Crawler  
  164  11:24  Spore Crawler  
  164  11:25  Spore Crawler  
  156  11:28  Hydralisk x3  
  156  11:29  Roach x43  
  156  11:31  Hydralisk  
  162  11:36  Hydralisk  
  162  11:43  Hydralisk x2  
  162  11:48  Spore Crawler  
  162  11:53  Hydralisk x2  
  161  11:58  Hydralisk  
  160  12:02  Overseer  
  160  12:12  Hydralisk x2  
  164  12:24  Hydralisk x3  
  170  12:39  Overlord  
  170  12:40  Roach x3  
  176  12:57  Roach x5  
  176  12:59  Roach  
  176  13:00  Roach x3  
  176  13:03  Overlord  
  184  13:08  Overlord  
  184  13:28  Roach x8  
Show
View Real Time Build Order
Export as new Build Order

Lambo Zerg 

Build Orders: Hatch First 

Get SALT Encoding   

  12  0:00  Drone  
  13  0:08  Drone  
  14  0:14  Extractor, Drone  
  15  0:36  Hatchery  
  15  0:41  Extractor, Drone  
  15  0:48  Overlord  
  15  1:01  Spawning Pool  
  14  1:06  Drone  
  14  1:08  Drone  
  16  1:13  Drone  
  17  1:18  Drone  
  17  1:22  Extractor  
  17  1:29  Drone  
  18  1:38  Drone  
  19  1:48  Queen x2  
  19  1:49  Drone  
  19  1:50  Drone  
  25  1:59  Drone  
  25  2:01  Overlord  
  26  2:09  Drone  
  26  2:11  Drone  
  28  2:19  Drone  
  29  2:23  Drone  
  29  2:25  Extractor, Lair  
  29  2:32  Drone  
  29  2:36  Drone  
  31  2:43  Drone, Roach Warren, Overlord  
  31  2:55  Drone x3  
  31  2:56  Drone x2  
  36  3:00  Overlord  
  36  3:02  Drone  
  36  3:04  Drone  
  38  3:06  Drone  
  39  3:14  Drone  
  40  3:22  Glial Reconstitution  
  40  3:24  Roach x2  
  44  3:31  Roach x2  
  48  3:36  Evolution Chamber  
  48  3:37  Evolution Chamber  
  48  3:40  Roach x3  
  52  3:49  Overlord  
  52  3:57  Overlord  
  52  3:59  Overlord  
  52  4:07  Queen  
  54  4:12  Roach x2  
  54  4:15  Roach  
  60  4:19  Roach x2  
  60  4:21  Hatchery  
  60  4:23  Roach  
  65  4:28  Roach x2  
  69  4:38  Roach x2  
  73  4:40  Evolution Chamber  
  73  4:44  Overlord  
  73  4:45  Drone x2  
  74  4:52  Drone x2  
  76  4:55  Extractor  
  76  4:57  Overlord  
  75  5:00  Overlord  
  75  5:02  Queen  
  77  5:08  Drone  
  77  5:13  Drone x3  
  80  5:14  Drone  
  80  5:18  Drone x2  
  82  5:22  Drone  
  82  5:24  Drone  
  83  5:29  Zerg Missile Weapons Level 1  
  83  5:31  Drone  
  83  5:33  Drone x2  
  86  5:42  Roach  
  82  5:45  Drone x2  
  82  5:46  Drone  
  85  5:50  Roach x3  
  85  5:51  Tunneling Claws  
  85  5:57  Burrow  
  91  5:58  Roach  
  91  5:59  Drone  
  91  6:01  Extractor  
  91  6:02  Drone  
  91  6:03  Drone  
  95  6:05  Roach  
  95  6:11  Roach x3  
  103  6:15  Overlord  
  103  6:16  Roach  
  105  6:19  Overlord  
  105  6:22  Overlord  
  105  6:23  Overlord  
  105  6:28  Drone  
  106  6:32  Overlord  
  106  6:34  Drone  
  106  6:35  Drone  
  106  6:37  Roach x3  
  114  6:40  Roach  
  114  6:41  Roach  
  114  6:47  Ravager x3  
  119  6:50  Drone x5, Ravager  
  119  6:51  Drone x2  
  129  6:55  Extractor, Roach  
  129  7:00  Drone x5  
  135  7:04  Roach x2  
  135  7:06  Drone  
  135  7:08  Extractor, Roach x8  
  139  7:17  Roach x3  
  139  7:19  Drone  
  146  7:25  Overlord  
  146  7:26  Overlord  
  146  7:29  Drone, Zerg Missile Weapons Level 2  
  145  7:30  Drone  
  145  7:31  Overlord  
  145  7:34  Evolution Chamber  
  145  7:35  Drone  
  146  7:38  Overlord  
  146  7:40  Overlord  
  146  7:41  Overlord  
  146  7:46  Hatchery  
  146  7:48  Roach x3  
  151  7:54  Roach x4  
  159  7:59  Roach x3  
  159  8:00  Ravager  
  159  8:02  Roach  
  159  8:03  Ravager x2  
  170  8:06  Roach  
  170  8:07  Pneumatized Carapace  
  170  8:10  Zerg Ground Armor Level 1  
  172  8:13  Overlord  
  172  8:25  Roach x8  
  172  8:28  Roach x9  
  172  8:33  Overseer  
  190  8:36  Roach x4  
  190  8:39  Overlord  
  198  8:42  Roach  
  194  8:51  Roach x4  
  194  8:52  Roach x3  
  194  8:54  Roach  
  200  9:08  Roach  
  196  9:12  Roach x2  
  200  9:17  Spire  
  199  9:25  Spine Crawler x2  
  199  9:31  Spine Crawler  
  196  9:32  Roach x2  
  196  9:33  Overseer  
  192  9:43  Roach x9  
  188  9:48  Roach x10  
  196  9:52  Roach  
  196  9:53  Roach x2  
  186  10:00  Roach x10  
  168  10:16  Roach x15  
  122  10:30  Mutalisk, Drone x17  
  122  10:31  Mutalisk x6  
  119  10:45  Mutalisk x2  
  121  10:56  Extractor  
  116  10:58  Mutalisk  
  118  11:04  Queen x2  
  118  11:07  Roach Warren  
  118  11:08  Mutalisk, Hatchery  
  122  11:19  Mutalisk  
  123  11:26  Mutalisk  
  124  11:35  Mutalisk  
  126  11:44  Mutalisk  
  126  11:57  Roach  
  126  11:58  Roach x6  
  126  11:59  Queen  
  126  12:01  Queen  
  140  12:05  Roach x2  
  146  12:09  Roach x3  
  146  12:14  Queen  
  154  12:20  Roach x24  
  154  12:21  Queen  
  164  12:22  Roach  
  164  12:23  Roach x3  
  164  12:25  Ravager  
  165  12:31  Roach x5  
  165  12:36  Roach x3  
  173  12:42  Roach x3  
  175  12:47  Roach x3  
  175  12:52  Roach  
  175  12:56  Roach x2  
  181  13:03  Roach  
  183  13:12  Overlord x3  
  183  13:16  Overlord  
  183  13:25  Roach x19  
  178  13:38  Roach x7  
  178  13:39  Roach x2  
  198  13:43  Extractor  
  198  13:48  Roach x5  
Tags
 
Add a new tag
Caveats
  • Supply blocks, unpowered buildings, or Contaminate may cause inaccurate times.
  • Supply counts are checked every 10 seconds.